 Dungeon Crawl Stone Soup version 0.28-a0-895-g6e5f11bd55 (webtiles) character file.

Game seed: 15431156992841348819

3052 killozap the Protected (level 9, -9/83 HPs)
             Began as a Minotaur Fighter on Nov 22, 2021.
             Was a Believer of Cheibriados.
             Mangled by Grum (18 damage)
             ... on level 9 of the Dungeon.
             The game lasted 00:16:55 (8183 turns).

killozap the Protected (Minotaur Fighter)           Turns: 8183, Time: 00:16:55

Health: -9/83      AC: 11    Str: 29    XL:     9   Next: 57%
Magic:  0/11       EV:  8    Int: 16    God:    Cheibriados [**....]
Gold:   375        SH:  9    Dex: 15    Spells: 8/8 levels left

rFire   + . .      SeeInvis +   a - +1 long sword (freeze)
rCold   . . .      Faith    .   b - +0 kite shield
rNeg    . . .      Spirit   .   u - +0 scale mail {rF+}
rPois   .          Reflect  .   h - +0 hat {Will+}
rElec   .          Harm     .   f - +2 cloak
rCorr   .          Rampage  .   (no gloves)
Will    +....                   (no boots)
Stlth   ..........              (no amulet)
HPRegen 0.23/turn               p - +6 ring of intelligence
MPRegen 0.12/turn               t - ring of see invisible

@: very slow
A: horns 2, retaliatory headbutt
a: Renounce Religion, Bend Time


You were on level 9 of the Dungeon.
You worshipped Cheibriados.
Cheibriados was pleased with you.
You visited 2 branches of the dungeon, and saw 10 of its levels.

You collected 375 gold pieces.

Inventory:

Hand Weapons
 a - a +1 long sword of freezing (weapon)
Armour
 b - a +0 kite shield (worn)
 f - a +2 cloak (worn)
 h - a +0 hat of willpower (worn)
 u - a +0 scale mail of fire resistance (worn)
Jewellery
 c - a ring of magical power
 k - a ring of fire
 p - a +6 ring of intelligence (left hand)
 t - a ring of see invisible (right hand)
Wands
 o - a wand of polymorph (9)
Scrolls
 e - a scroll of teleportation
 i - 4 scrolls of magic mapping
 r - 3 scrolls of enchant weapon
 s - a scroll of torment
 w - a scroll of fog {unknown}
 x - a scroll of silence {unknown}
Potions
 d - a potion of might
 g - 2 potions of cancellation
 j - 5 potions of curing
 l - a potion of mutation
 m - a potion of ambrosia
 n - a potion of lignification
 q - 2 potions of magic
 v - a potion of flight
 z - a potion of invisibility {unknown}


   Skills:
 + Level 9.2 Fighting
 + Level 8.8 Long Blades
 + Level 9.2 Armour
 + Level 4.9 Shields
 + Level 4.6 Invocations


You had 8 spell levels left.
You didn't know any spells.
Your spell library contained the following spells:

 Spells                   Type           Power      Damage    Failure   Level
 Magic Dart               Conj           0%         1d3       87%         1
 Summon Small Mammal      Summ           0%         N/A       87%         1
 Call Imp                 Summ           0%         N/A       95%         2
 Call Canine Familiar     Summ           0%         N/A       99%         3
 Dazzling Flash           Conj/Hex       0%         N/A       99%         3
 Gell's Gravitas          Tloc           0%         N/A       99%         3
 Lesser Beckoning         Tloc           0%         N/A       99%         3
 Mephitic Cloud           Conj/Pois/Air  0%         N/A       99%         3
 Summon Guardian Golem    Hex/Summ       0%         N/A       99%         3
 Teleport Other           Tloc           0%         N/A       99%         3
 Agony                    Necr           0%         N/A       100%        5
 Silence                  Hex/Air        0%         N/A       100%        5


Dungeon Overview and Level Annotations

Branches:
Dungeon (9/15)             Temple (1/1) D:5
   Lair: D:8-11         Orc: D:9-12

Altars:
Ashenzari
Cheibriados
Dithmenos
Elyvilon
Fedhas
Hepliaklqana
Kikubaaqudgha
Makhleb
Okawaru
Vehumet
Xom
Zin

Shops:
D:4 :

Annotations:
D:9 Grum


Innate Abilities, Weirdness & Mutations

You have a pair of horns on your head.
You reflexively headbutt those who attack you in melee.


Message History

You feel your power leaking away. The wolf barely misses you.
You furiously retaliate!
You headbutt the wolf. You block the wolf's attack.
The wolf bites you but does no damage.
Grum hits you from afar with a -1 antimagic glaive!
You feel your power leaking away. The wolf bites you but does no damage.
There is an open door here.
The wolf barely misses you.
You hit the wolf. You freeze the wolf.
The wolf is severely wounded.
The wolf barely misses you. You block the wolf's attack.
The wolf bites you but does no damage.
You don't have enough magic at the moment.
You slash Grum! You freeze Grum. You headbutt Grum, but do no damage.
Grum is heavily wounded.
You block the wolf's attack.
Grum hits you with a -1 antimagic glaive!
You feel your power leaking away. The wolf bites you.
Grum hits you with a -1 antimagic glaive.
You hit Grum. You freeze Grum.
Grum is severely wounded.
The wolf bites you but does no damage.
Grum hits you with a -1 antimagic glaive!!
The wolf bites you but does no damage.
You hit Grum. You freeze Grum. Your headbutt misses Grum.
Grum is severely wounded.
Grum hits you with a -1 antimagic glaive!!
* * * LOW HITPOINT WARNING * * *
You feel your power leaking away. The wolf bites you but does no damage.
Grum hits you with a -1 antimagic glaive.
* * * LOW HITPOINT WARNING * * *
The wolf closely misses you.
You hit Grum. You freeze Grum. You headbutt Grum, but do no damage.
Grum is almost dead.
You block Grum's attack. The wolf bites you.
* * * LOW HITPOINT WARNING * * *
Grum hits you with a -1 antimagic glaive!!
You die...

....#............... ...
#............... ..
#...............
#...............
#...............
#...####....#######
+####...##########....#
................hgh...#
................@#hh†.#
.................#.........
...##.....####..###...##...
... #####'####..###...# ..
.. #........)...#.....#
#.......)#...#.....#
#........#...#>....+
####################


You could see Grum (fast) and 2 wolves.

Vanquished Creatures
  A troll (D:8)
  Sigmund (D:5)
  2 steam dragons (D:7)
  A water moccasin (D:7)
  A sky beast (D:8)
  An orc warrior (D:9)
  2 black bears
  An ogre (D:4)
  A centaur (D:7)
  A wolf (D:9)
  A kobold brigand (D:7)
  2 wyvern zombies
  A bullfrog (D:8)
  A gnoll sergeant (D:8)
  3 scorpions
  2 wyvern skeletons
  A howler monkey (D:7)
  2 bullfrog zombies
  A hound (D:5)
  2 centaur skeletons (D:5)
  2 gnoll shamans
  5 orc priests
  2 jellies
  4 iguanas
  6 orc wizards
  Ijyb (D:5)
  A killer bee zombie (D:8)
  19 gnolls
  8 adders
  A shadow imp (D:7)
  A white imp (D:8)
  An ufetubus (D:5)
  An adder skeleton (D:4)
  A dart slug (D:3)
  2 worms (D:4)
  29 orcs
  7 endoplasms
  5 giant cockroaches
  10 goblins
  6 hobgoblins
  8 jackals
  11 kobolds
  8 quokkas
  8 ball pythons
  8 bats
  A frilled lizard (D:2)
  5 rats
189 creatures vanquished.

Vanquished Creatures (others)
  28 fungi (D:6)
  A plant (D:4)
  4 toadstools (D:1)
33 creatures vanquished.

Grand Total: 222 creatures vanquished

Notes
Turn   | Place    | Note
-------+----------+-------------------------------------------
     0 | D:1      | killozap the Minotaur Fighter began the quest for the Orb.
     0 | D:1      | Reached XP level 1. HP: 19/19 MP: 0/0
   111 | D:1      | Reached XP level 2. HP: 27/27 MP: 1/1
   460 | D:1      | Found a faded altar of an unknown god.
   603 | D:1      | Reached XP level 3. HP: 33/33 MP: 2/2
   988 | D:2      | Reached XP level 4. HP: 41/41 MP: 3/3
  2225 | D:2      | Reached XP level 5. HP: 29/47 MP: 4/4
  2355 | D:2      | Reached skill level 5 in Armour
  2415 | D:3      | Reached skill level 5 in Fighting
  2840 | D:4      | Noticed an ogre
  2988 | D:4      | Found a radiant altar of Vehumet.
  2993 | D:4      | Found a white marble altar of Elyvilon.
  2998 | D:4      | Found a hazy altar of Hepliaklqana.
  3132 | D:4      | Reached XP level 6. HP: 38/56 MP: 5/5
  3213 | D:4      | Reached skill level 5 in Long Blades
  3359 | D:4      | Found Hoat's Book Shoppe.
  3667 | D:5      | Entered Level 5 of the Dungeon
  3669 | D:5      | Noticed Ijyb
  3750 | D:5      | Killed Ijyb
  3867 | D:5      | Reached XP level 7. HP: 60/63 MP: 6/6
  3930 | D:5      | Found a staircase to the Ecumenical Temple.
  3960 | Temple   | Entered the Ecumenical Temple
  4141 | Temple   | Became a worshipper of Cheibriados the Contemplative
  4650 | D:5      | Noticed Sigmund
  4933 | D:6      | Reached skill level 1 in Invocations
  4933 | D:6      | Reached XP level 8. HP: 71/73 MP: 7/7
  5811 | D:5      | Killed Sigmund
  5818 | D:5      | Found a staircase to the Ecumenical Temple.
  5852 | D:7      | Reached * piety under Cheibriados
  6385 | D:7      | Reached XP level 9. HP: 65/82 MP: 10/10
  6862 | D:8      | Reached ** piety under Cheibriados
  7876 | D:9      | Noticed a troll
  7890 | D:8      | Killed a troll
  8170 | D:9      | Noticed Grum
  8183 | D:9      | Mangled by Grum

Illustrated notes

Levels and vault maps discovered:
D:1:      ldierk_water_garden, layout_basic, basic_ecumenical_altar
D:2:      layout_basic
D:3:      layout_loops_ring
D:4:      layout_loops_ring, gammafunk_temple_overflow_forgotten, serial_shops,
          shop
D:5:      layout_cave_pools, temple_fountains, uniq_sigmund, uniq_ijyb
D:6:      layout_basic, serial_aquarium, aquarium_bridge_straight
          [aquarium_subvault_bridge, aquarium_subvault_wall,
          aquarium_subvault_bridge, aquarium_subvault_wall],
          aquarium_bridge_long_joined [aquarium_subvault_bridge,
          aquarium_subvault_window, aquarium_subvault_balcony,
          aquarium_subvault_wall, aquarium_subvault_wall,
          aquarium_subvault_bridge], aquarium_window_corridor_3,
          aquarium_window_1, aquarium_window_1, aquarium_window_2,
          aquarium_view_2b, aquarium_view_2e, aquarium_balcony_3a,
          aquarium_pool_S
D:7:      layout_rooms
D:8:      layout_loops_cross, corner_web_ring
D:9:      layout_gridville, mainiacjoe_overflow_alcove_1, orc_0_dummy,
          minmay_misc_feat_x, uniq_grum, uniq_erolcha
Temple:   dpeg_five_rooms_temple

Skill      XL: |  1  2  3  4  5  6  7  8  9 |
---------------+----------------------------+-----
Shields        | 4 |  4.9
Armour         | 4 5 6 7 8 9 |  9.2
Fighting       | 4 5 6 7 8 9 |  9.2
Long Blades    | 3 4 5 6 8 |  8.8
Invocations    | 1 3 4 |  4.6

Action                   |  1- 3 |  4- 6 |  7- 9 || total
-------------------------+-------+-------+-------++-------
Melee: Long sword        |    73 |   151 |   234 ||   458
       Headbutt          |    11 |    27 |    57 ||    95
Invok: Bend Time         |       |       |     1 ||     1
  Use: Scroll            |       |    10 |     7 ||    17
Armor: Scale mail        |    42 |    79 |   113 ||   234
Dodge: Dodged            |    27 |    74 |   120 ||   221
Block: Buckler           |    20 |    33 |    50 ||   103
       Kite shield       |       |       |    40 ||    40

Table legend: (Time is in decaauts)
 A = Elapsed time spent in this place.
 B = Non-inter-level travel time spent in this place.
 C = Inter-level travel time spent in this place.
 D = Time resting spent in this place.
 E = Time spent auto-exploring this place.
 F = Levels seen in this place.
 G = Mean time per level.
                   A        B        C        D        E       F      G
               +--------+--------+--------+--------+--------+-----+--------+
         Total |   9113 |   8773 |    340 |   1550 |   5683 |  10 |  911.3 |
       Dungeon |   8865 |   8590 |    275 |   1550 |   5515 |   9 |  985.0 |
        Temple |    247 |    182 |     65 |      0 |    168 |   1 |  247.0 |
               +--------+--------+--------+--------+--------+-----+--------+

Top non-repeatable levels by time:
     D:8: 1530 daAuts
     D:2: 1232 daAuts
     D:6: 1212 daAuts
     D:7: 1121 daAuts
     D:4: 1040 daAuts
     D:1: 977 daAuts
     D:5: 874 daAuts
     D:3: 661 daAuts
  Temple: 247 daAuts
     D:9: 215 daAuts
